AoeStats
← MatzeAoE

Migration

504726218Analyzed
1v1 RM · 26d ago on Sep 6, 2026· 45m 10s· 2 players
Game mode
Random Map
Map size
132×132
Population
200
Speed
Normal
Resources
Standard
Victory
Conquest
Starting age
Dark Age
Ending age
Imperial Age
RankedLock teamsTeams togetherTeam positionsShared explorationLock speedFull tech treeHidden civsTurbo modeCheats
Victory
Defeat
🇨🇳 Gurjaras · China
2122
+15
🇩🇪 Poles · Germany
2105
-15
MatzeAoE
12:25 Feudal Age
13:11 Double-Bit Axe
13:55 Fishing Lines
18:00 Castle Age
16:23 Gold Mining
17:59 Town Watch
19:31 Bow Saw
20:22 Wheelbarrow
20:41 Town Patrol
20:43 Gillnets
22:25 Medium Warships
23:48 Horse Collar
24:59 Heavy Plow
27:25 Fletching
30:16 Imperial Age
28:02 Bodkin Arrow
29:21 Stone Mining
30:14 Ballistics
32:00 Chemistry
31:08 Bracer
31:36 Heavy Warships
32:17 Clinker Construction
32:54 Hand Cart
33:48 Szlachta Privileges
34:34 Crop Rotation
34:32 Cavalier
35:23 Bloodlines
35:13 Husbandry
36:03 Forging
38:21 Elite Obuch
39:06 Scale Mail Armor
40:15 Iron Casting
39:46 Scale Barding Armor
42:43 Blast Furnace
CNZS_情场浪子
13:06 Feudal Age
13:39 Double-Bit Axe
14:12 Loom
14:11 Fishing Lines
16:54 Castle Age
15:06 Gold Mining
17:33 Town Watch
18:24 Wheelbarrow
18:01 Bow Saw
18:03 Medium Warships
18:00 Horse Collar
18:32 Husbandry
18:58 Forging
21:51 Stone Mining
23:45 Iron Casting
23:40 Hand Cart
30:08 Imperial Age
29:07 Fletching
30:05 Heavy Plow
30:43 Clinker Construction
30:58 Careening
31:17 Heavy Warships
32:02 Shipwright
34:20 Carvel Hull
34:23 Kshatriyas
34:32 Heavy Camel Rider
35:53 Bloodlines
36:26 Scale Barding Armor
37:19 Conscription
38:19 Chain Barding Armor
39:18 Chemistry
40:14 Plate Barding Armor
41:14 Ballistics
42:04 Bodkin Arrow
42:01 Heated Shot
42:33 Padded Archer Armor
43:14 Light Cavalry
44:09 Bracer
45:46 Padded Archer Armor
Connection lost

Rejoining the realm…

Still unreachable

The connection could not be restored.

Session expired

The server has moved on; the page needs a fresh start.